 Dungeon Crawl Stone Soup version 0.19.1 (webtiles) character file.

443 ivanlol3 the Ruffian (level 6, -1/61 HPs)
             Began as a Troll Berserker on Dec 21, 2016.
             Was a Priest of Trog.
             Slain by a gnoll
             ... wielding a +0 spear
              (7 damage)
             ... on level 4 of the Dungeon on Dec 23, 2016.
             The game lasted 00:23:05 (2057 turns).

ivanlol3 the Ruffian (Troll Berserker)              Turns: 2057, Time: 00:23:05

Health: -1/61      AC:  5    Str: 27    XL:     6   Next: 71%
Magic:  14/14      EV: 11    Int:  3    God:    Trog [***...]
Gold:   126        SH:  0    Dex: 10    Spells: 0 memorised, 5 levels left

rFire  . . .     SeeInvis .       - Unarmed
rCold  . . .     Gourm    +     a - +0 animal skin
rNeg   . . .     Faith    .     (no shield)
rPois  .         Spirit   .     (helmet restricted)
rElec  .         Reflect  .     (no cloak)
rCorr  .         Harm     .     (gloves unavailable)
MR     ++...                    (boots unavailable)
Stlth  +.........               (no amulet)
                                (no ring)
                                e - ring of magical power

@: regenerating
A: unfitting armour, claws 3, fast metabolism 3, gourmand, regeneration 1,
shaggy fur 1, tough skin 2
a: Berserk, Trog's Hand, Burn Spellbooks, Renounce Religion


You were on level 4 of the Dungeon.
You worshipped Trog.
Trog was most pleased with you.
You were very full.

You visited 1 branch of the dungeon, and saw 4 of its levels.

You collected 126 gold pieces.

Inventory:

Hand Weapons
 c - a +0 club
 j - a +0 dagger
 k - a +0 club
 l - a +0 spear
 o - a +0 dagger
 q - a +0 dagger
 r - a +0 scimitar
 A - a +0 whip
 C - a +1 antimagic dagger
Armour
 a - a +0 animal skin (worn)
 f - a +0 scale mail
 i - a +0 plate armour of magic resistance
 m - a +0 robe
 p - a +0 ring mail
 v - a +0 shield
Jewellery
 e - a ring of magical power (left claw)
Scrolls
 g - a scroll of identify {unknown}
 h - 4 scrolls of remove curse {unknown}
 s - 3 scrolls of enchant weapon {unknown}
 t - a scroll of enchant armour {unknown}
 u - a scroll of recharging {unknown}
 y - a scroll of fog {unknown}
 E - a scroll of amnesia {unknown}
 F - a scroll of magic mapping {unknown}
Potions
 n - 2 potions of berserk rage {unknown}
 w - 2 potions of might {unknown}
 z - 2 potions of resistance {unknown}
Comestibles
 b - 2 bread rations
 d - a meat ration
 D - a beef jerky


   Skills:
 * Level 3.2 Fighting
 + Level 3.4 Dodging
 * Level 6.6 Unarmed Combat


You had 5 spell levels left.
You didn't know any spells.

Dungeon Overview and Level Annotations

Branches:
Dungeon (4/15)
 Temple: D:4-7

Altars:
Hepliaklqana
Nemelex Xobeh
Okawaru
Qazlal


Innate Abilities, Weirdness & Mutations

You are too large for most types of armour.
You have claws for hands.
Your metabolism is lightning-fast.
You like to eat raw meat.
Your natural rate of healing is unusually fast.
You are covered in fur. (AC +1)
You have very tough skin. (AC +2)


Message History

Trog accepts your kill. The worker ant barely misses you. The gnoll misses you.
The gnoll barely misses you. x2; The worker ant barely misses you.
The gnoll hits you but does no damage.
The gnoll hits you from afar with a spear.
* * * LOW HITPOINT WARNING * * *
The gnoll closely misses you. The worker ant bites you.
* * * LOW HITPOINT WARNING * * *
Things that are here:
a mace; a scroll labeled TIR HOPLOGOUNOWU You scratch the orc priest.
The orc priest is moderately wounded.
The gnoll hits you but does no damage. The worker ant bites you.
* * * LOW HITPOINT WARNING * * *
The gnoll misses you.
The orc priest casts a cantrip, but nothing happens.
The orc priest misses you. The gnoll barely misses you.
The worker ant closely misses you.
The gnoll hits you from afar with a spear!
You die...

#####.# . #.....#
.. #....## .#
#.#...###.#
#.##......#
#.##...#### # ?
#.###..# .# .. #.#
#..## ####.#.#. #.#
##@o###........
#.## #.ag..........
#..####.g..........
##..# ##g..........
##.# ##..........
#.# #......g... #.#
#.......... #.#
#.......... ... #.#
##......... ...


You could see a worker ant, an orc priest and 3 gnolls.

Vanquished Creatures
  Grinder (D:3)
  A scorpion (D:3)
  A hound (D:4)
  An orc wizard (D:4)
  A gnoll shaman (D:4)
  A worker ant (D:4)
  3 adders (D:2)
  An ooze (D:2)
  A dart slug (D:1)
  2 leopard geckos
  5 orcs
  A ball python (D:3)
  3 giant cockroaches
  5 goblins
  4 hobgoblins
  3 jackals (D:1)
  2 quokkas (D:3)
  4 bats
  6 frilled lizards
  3 kobolds
  12 rats
61 creatures vanquished.

Notes
Turn   | Place    | Note
-------+----------+-------------------------------------------
     0 | D:1      | ivanlol3 the Troll Berserker began the quest for the Orb.
     0 | D:1      | Reached XP level 1. HP: 22/22 MP: 0/0
   256 | D:1      | Reached XP level 2. HP: 29/29 MP: 1/1
   390 | D:1      | Reached ** piety under Trog
   582 | D:2      | Reached XP level 3. HP: 29/36 MP: 2/2
   807 | D:2      | Found an iron altar of Okawaru.
   912 | D:2      | Found a hazy altar of Hepliaklqana.
   919 | D:2      | Found a stormy altar of Qazlal.
   919 | D:2      | Found a sparkling altar of Nemelex Xobeh.
  1257 | D:2      | Reached skill level 4 in Unarmed Combat
  1257 | D:2      | Reached XP level 4. HP: 43/44 MP: 3/3
  1616 | D:3      | Noticed Grinder
  1625 | D:3      | Killed Grinder
  1625 | D:3      | Reached skill level 5 in Unarmed Combat
  1625 | D:3      | Reached XP level 5. HP: 44/53 MP: 4/4
  1625 | D:3      | Reached XP level 6. HP: 51/61 MP: 5/5
  1636 | D:3      | Reached skill level 6 in Unarmed Combat
  1977 | D:4      | Reached *** piety under Trog
  2051 | D:4      | HP: 3/61 [orc priest/divine providence (11)]
  2057 | D:4      | Slain by a gnoll

Skill      XL: |  1  2  3  4  5  6 |
---------------+-------------------+-----
Dodging        | 3 |  3.4
Unarmed Combat | 4 5 6 |  6.6
Fighting       | 3 |  3.2

Action                   |  1- 3 |  4- 6 || total
-------------------------+-------+-------++-------
Melee: Unarmed           |   102 |    60 ||   162
       Punch             |     2 |       ||     2
Invok: Trog's Hand       |       |     1 ||     1
  Use: Potion            |       |     1 ||     1
  Eat: Chunk             |     7 |    11 ||    18
       Meat ration       |     1 |       ||     1
Armor: Animal skin       |    28 |    12 ||    40
Dodge: Dodged            |    51 |    43 ||    94
